 Dungeon Crawl Stone Soup version 0.17.0-26-gececa24 (webtiles) character file.

158822 McCoppin the Fencer (level 16, -1/127 HPs)
             Began as a Demigod Hunter on Nov 17, 2015.
             Slain by a naga sharpshooter
             ... wielding a +0 war axe
             ... led by Vashnia
              (7 damage)
             ... on level 3 of the Snake Pit on Nov 19, 2015.
             The game lasted 02:47:25 (49239 turns).

McCoppin the Fencer (Demigod Hunter)               Turns: 49239, Time: 02:47:25

Health: -1/127     AC: 26    Str: 20    XL:     16   Next: 60%
Magic:  19/19      EV: 16    Int: 15    God:
Gold:   873        SH:  0    Dex: 26    Spells: 0 memorised, 15 levels left

rFire  + . .     SeeInvis .     A - +4 arc blade {discharge, rElec}
rCold  . . .     Clarity  +     d - +3 plate armour
rNeg   . . .     SustAt   +     (no shield)
rPois  +         Gourm    .     a - +0 helmet
rElec  +         Spirit   .     i - +0 cloak
rCorr  .         Warding  .     N - +1 pair of gloves
rMut   .         Stasis   .     C - +0 pair of boots
MR     ++...                    (no amulet)
Stlth  ..........               U - ring of poison resistance
                                G - +5 ring of protection

@: mighty, about to teleport, very slightly contaminated, invisible, very
resistant to hostile enchantments, extremely unstealthy
A: hooves 1, rugged brown scales 1, thin skeletal structure 1, agile 1, clarity,
deformed body, fire resistance 1, frail 1, high mp 1, magic resistance 1,
screaming 1, electricity resistance, weak 2, sustain attributes
a: no special abilities


You were on level 3 of the Snake Pit.
You were not hungry.

You visited 4 branches of the dungeon, and saw 30 of its levels.
You also visited: Ossuary.

You collected 3391 gold pieces.
You spent 2518 gold pieces at shops.

Inventory:

Hand Weapons
 c - a +1 great sword of electrocution
 e - a +2 great sword
 A - the +4 arc blade (weapon) {discharge, rElec}
   (You found it on level 4 of the Dungeon)

   It insulates you from electricity.
 X - a +0 scimitar of flaming
 Y - a +0 blowgun
Missiles
 b - 5 throwing nets (quivered)
 l - 8 javelins
 n - 90 poisoned needles
 o - 649 stones
 t - 13 curare-tipped needles
Armour
 a - a +0 helmet (worn)
 d - a +3 plate armour (worn)
 i - a +0 cloak (worn)
 C - a +0 pair of boots (worn)
 N - a +1 pair of gloves (worn)
Jewellery
 y - an uncursed amulet of stasis {unknown}
 E - an uncursed ring of see invisible
 F - the ring of the Ego {rF+ rC+ Str+2 Int+4 Dex+2}
   (You bought it in a shop on level 1 of the Orcish Mines)

   [ring of intelligence]

   It affects your strength (+2).
   It affects your intelligence (+4).
   It affects your dexterity (+2).
   It protects you from fire.
   It protects you from cold.
 G - a +5 ring of protection (left hand)
 S - the amulet of Sekifej {Stasis rC+}
   (You found it on level 2 of the Lair of Beasts)

   [amulet of stasis]

   It prevents you from being teleported, slowed, hasted or paralysed.
   It protects you from cold.
 U - a ring of poison resistance (right hand)
Wands
 j - a wand of draining (1)
 k - a wand of digging (7)
 p - a wand of cold (10)
 v - a wand of fireball (12)
Scrolls
 g - 9 scrolls of enchant weapon
 h - 8 scrolls of teleportation
 m - 4 scrolls of enchant armour
 q - 16 scrolls of remove curse
 s - 4 scrolls of fog
 u - 5 scrolls of identify
 x - 3 scrolls of amnesia
 D - 5 scrolls of recharging
 J - 4 scrolls of magic mapping
 M - 2 scrolls of brand weapon
 P - a scroll of silence
Potions
 w - a potion of might
 B - 2 potions of agility
 I - 2 potions of flight
 K - 3 potions of brilliance
 Q - 2 potions of cancellation
 W - a potion of berserk rage
Comestibles
 f - 3 meat rations
 H - 9 beef jerkies
 V - 28 fruits
 Z - 13 bread rations


   Skills:
 - Level 11.2 Fighting
 + Level 19.4 Long Blades
 - Level 3.6 Throwing
 - Level 11.9 Armour
 - Level 12.4 Dodging
 - Level 0.8 Stealth


You had 15 spell levels left.
You didn't know any spells.

Dungeon Overview and Level Annotations

Branches:
Dungeon (15/15)            Temple (0/1) D:6            Lair (8/8) D:11
 Shoals (0/4) Lair:5        Snake (3/4) Lair:5        Slime (0/6) Lair:7
    Orc (4/4) D:11            Elf (0/3) Orc:4        Vaults (0/5) D:14
 Depths (0/5) D:15

Shops:
D:7 ?   Orc:1 !=*   Orc:3 *   Orc:4 *=:}?:

Portals:
Hell: Lair:8

Annotations:
Snake:3 Vashnia


Innate Abilities, Weirdness & Mutations

You have an increased reservoir of magic (+10% MP).
Your attributes are resistant to harm.
You have large cloven feet.
You are partially covered in rugged brown scales (AC +1, +3% HP).
You have a somewhat thin skeletal structure (Dex +2, Stealth).
You are agile. (Dex +2)
You possess an exceptional clarity of mind.
Armour fits poorly on your strangely shaped body.
Your flesh is heat resistant.
You are frail (-10% HP).
You are resistant to hostile enchantments.
You occasionally shout uncontrollably at your foes.
You are resistant to electric shocks.
You are very weak. (Str -4)


Message History

The naga sharpshooter spits poison at you.
The splash of poison misses you.
You puncture the naga sharpshooter!
The naga sharpshooter is lightly wounded.
The naga sharpshooter misses you.
The naga sharpshooter barely misses you.
You puncture the naga sharpshooter!
The naga sharpshooter is moderately wounded.
The naga sharpshooter shoots an arrow of frost.
The arrow of frost hits you!
* * * LOW HITPOINT WARNING * * *
The arrow of frost freezes you.
* * * LOW HITPOINT WARNING * * *
Read which item? (? for menu, Esc to quit)
As you read the scroll of teleportation, it crumbles to dust.
You feel strangely unstable.
You barely miss the naga sharpshooter.
The naga sharpshooter is moderately wounded.
The naga sharpshooter hits you with an uncursed war axe!
You die...

.....####...............###
...######.................#
..###...#..............(..##
####..(...N.N...........N..##
###.#(#.................#(..##
...##(##N..............##....##
..##.(.##...###(........##.(..###
.##.....##..# ##N....... ##.....#
)).).♣(..#..####@..###.. ###((..
####...###.N..##....##. ###(.
#...#.......##...# ###
#)[[#....#...##### #
####.<.#.....##..#
...#...#.(.....#... ..
...#####...###..##. ...
..........## #..# ... .......####
#.. ...


You could see 2 naga sharpshooters.

Vanquished Creatures
  Kirke (D:14)
  Donald (D:14)
  Aizul (Snake:3)
  Nessos (Lair:7)
  A dire elephant (Lair:8)
  Snorg (Lair:7)
  A fire dragon (D:15)
  Fannar (D:10)
  Harold (Orc:2)
  A hell beast (Lair:8)
  7 anacondas
  8 hydras
  4 naga warriors
  Erica (D:8)
  8 centaur warriors
  A catoblepas (Lair:7)
  5 ogre magi
  12 death yaks
  A tengu warrior (D:14)
  A queen ant (Lair:3)
  An orc high priest (Orc:3)
  4 naga sharpshooters
  Sonja (D:14)
  5 shock serpents
  A fire crab (shapeshifter) (D:13)
  8 skeletal warriors
  A salamander mystic (Snake:2)
  4 sea snakes (Snake:1)
  3 unseen horrors
  A wizard (Lair:8)
  A lindwurm (Lair:7)
  2 naga ritualists (Snake:1)
  Pikel (D:6)
  9 hill giants
  8 mana vipers
  8 salamanders
  3 manticores
  2 griffons
  3 deep elf conjurers (D:15)
  14 ugly things
  4 oklob plants (Lair:1)
  9 naga magi
  16 elephants
  Maurice (D:8)
  25 black mambas
  Joseph (D:8)
  2 torpor snails
  3 guardian serpents
  2 orange demons (Lair:8)
  13 spiny frogs
  3 gargoyles
  3 centaur skeletons
  11 komodo dragons
  An efreet (D:15)
  A tengu conjurer (D:15)
  4 fire drakes
  4 red devils (Lair:8)
  A hellwing (Lair:8)
  3 polar bears
  A merfolk (Lair:5)
  2 polar bears (shapeshifter)
  9 trolls
  4 blue devils (Lair:8)
  A wolf spider simulacrum (D:11)
  19 blink frogs
  A trapdoor spider zombie (D:9)
  17 two-headed ogres
  3 slime creatures (D:11)
  A spriggan (D:7)
  2 hogs (D:14)
  4 basilisks
  16 humans (D:14)
  40 yaks
  2 hungry ghosts
  Grum (D:10)
  17 hippogriffs
  A deep elf fighter (D:11)
  31 nagas
  A wyvern (D:13)
  A mottled dragon (D:11)
  12 porcupines
  7 wolves
  4 wargs
  17 orc warriors
  9 soldier ants (Lair:3)
  18 water moccasins
  7 ice beasts
  4 sky beasts
  3 black bears
  14 centaurs
  22 crocodiles
  3 phantoms
  33 ogres
  3 eyes of draining
  4 boggarts (D:15)
  A crocodile (shapeshifter) (D:13)
  A necrophage (D:10)
  A gnoll sergeant (D:7)
  2 wyvern zombies
  An elf zombie (Ossuary)
  A big kobold (D:10)
  2 brain worms
  17 giant frogs
  A wyvern skeleton (D:9)
  3 scorpions
  15 wights
  9 killer bees
  8 electric eels
  9 crimson imps
  2 giant frog zombies
  2 centaur zombies
  11 jellies
  26 orc priests
  18 orc wizards
  A quasit (D:11)
  3 giant frog skeletons
  8 hounds
  27 worker ants
  A killer bee zombie (D:7)
  6 iguanas
  3 big kobold zombies (Ossuary)
  35 sheep
  3 hound zombies
  A worker ant zombie (D:7)
  3 hound skeletons
  4 mummies
  16 adders
  11 gnolls
  43 river rats
  4 shadow imps
  An ooze (Lair:7)
  3 adder zombies (Ossuary)
  2 adder skeletons
  3 worms
  3 giant geckos
  211 orcs
  13 bats
  3 giant cockroaches
  4 hobgoblins
  7 kobolds
  3 quokkas
  A giant gecko skeleton (D:6)
  3 giant newts
  17 goblins
  5 goblin zombies (Ossuary)
  3 hobgoblin zombies (Ossuary)
  3 jackal zombies (Ossuary)
  4 kobold zombies (Ossuary)
  2 orc zombies (Ossuary)
  11 quokka zombies
  13 rats
  A rat zombie (Ossuary)
  A fungus (D:11)
  8 plants
1203 creatures vanquished.

Vanquished Creatures (others)
  A black mamba (Lair:7)
  5 humans (D:14)
  A naga (Snake:1)
  4 sheep (Lair:7)
  An orc (Orc:1)
  A bat (D:14)
  5 bushes (Lair:7)
  31 fungi
  36 plants
85 creatures vanquished.

Grand Total: 1288 creatures vanquished

Notes
Turn   | Place    | Note
--------------------------------------------------------------
     0 | D:1      | McCoppin the Demigod Hunter began the quest for the Orb.
     0 | D:1      | Reached XP level 1. HP: 17/17 MP: 3/3
   598 | D:2      | Reached XP level 2. HP: 4/25 MP: 4/4
  1297 | D:2      | Reached XP level 3. HP: 13/31 MP: 5/5
  2167 | D:3      | Reached skill level 4 in Fighting
  2463 | D:3      | Reached XP level 4. HP: 40/40 MP: 6/6
  2641 | D:3      | Found a glowing silver altar of Zin.
  3043 | D:4      | Reached skill level 5 in Fighting
  3043 | D:4      | Reached XP level 5. HP: 43/48 MP: 7/7
  3655 | D:4      | Noticed a phantom
  3663 | D:4      | Killed a phantom
  3663 | D:4      | Reached skill level 6 in Fighting
  3663 | D:4      | Reached XP level 6. HP: 57/57 MP: 8/8
  3852 | D:5      | Entered Level 5 of the Dungeon
  3926 | D:5      | Reached skill level 7 in Fighting
  4059 | D:5      | Reached XP level 7. HP: 58/66 MP: 9/9
  4168 | D:5      | Found an iron altar of Okawaru.
  4223 | D:5      | Reached skill level 8 in Fighting
  4640 | D:6      | Found a shimmering altar of Xom.
  4733 | D:6      | Found a staircase to the Ecumenical Temple.
  4829 | D:6      | Reached skill level 9 in Fighting
  4976 | D:6      | Found a shadowy altar of Dithmenos.
  4994 | D:6      | Reached XP level 8. HP: 70/78 MP: 10/10
  5335 | D:6      | Noticed Pikel
  5344 | D:6      | Killed Pikel
  5344 | D:6      | Reached skill level 10 in Fighting
  5538 | D:7      | Found Yrchanitt's Magic Scroll Shop.
  5563 | D:7      | Bought a scroll of identify for 26 gold pieces
  5563 | D:7      | Bought a scroll of remove curse for 39 gold pieces
  5563 | D:7      | Bought a scroll of remove curse for 39 gold pieces
  5563 | D:7      | Bought a scroll of teleportation for 39 gold pieces
  5563 | D:7      | Bought a scroll of identify for 26 gold pieces
  5563 | D:7      | Bought a scroll of magic mapping for 45 gold pieces
  5612 | D:7      | Found a sand-covered staircase.
  5677 | Ossuary  | Entered an ossuary
  5912 | D:7      | Found a shattered altar of Ashenzari.
  6001 | D:7      | Reached skill level 11 in Fighting
  6178 | D:7      | Reached XP level 9. HP: 79/89 MP: 11/11
  6654 | D:7      | HP: 6/133 [poisoned by a killer bee]
  6660 | D:7      | HP: 5/133 [poisoned by a killer bee]
  6665 | D:7      | HP: 5/133 [poisoned by a killer bee]
  6673 | D:7      | HP: 4/89 [poisoned by a killer bee]
  7166 | D:8      | Noticed Erica
  7171 | D:8      | Noticed Maurice
  7297 | D:8      | Noticed Joseph
  7352 | D:7      | Reached skill level 5 in Long Blades
  7810 | D:8      | Killed Joseph
  8062 | D:8      | Killed Erica
  8114 | D:8      | Killed Maurice
  8114 | D:8      | Reached XP level 10. HP: 72/96 MP: 13/13
  8705 | D:9      | Noticed a centaur warrior
  8735 | D:9      | Killed a centaur warrior
  8735 | D:9      | Reached skill level 10 in Long Blades
  8914 | D:9      | Found a snail-covered altar of Cheibriados.
  8919 | D:9      | Found a blossoming altar of Fedhas.
  9476 | D:10     | Entered Level 10 of the Dungeon
 10364 | D:10     | Noticed Grum
 10374 | D:10     | Killed Grum
 10375 | D:10     | Reached XP level 11. HP: 72/102 MP: 14/14
 11078 | D:10     | Killed an unseen horror
 11458 | D:10     | Reached skill level 12 in Long Blades
 11599 | D:10     | Noticed Fannar
 11622 | D:10     | Killed Fannar
 12187 | D:11     | Gained mutation: You are weak. (Str -2) [mutagenic meat]
 12188 | D:11     | Gained mutation: You have supernaturally acute eyesight. [mutagenic meat]
 12268 | D:11     | Found a blossoming altar of Fedhas.
 12292 | D:11     | Reached skill level 13 in Long Blades
 12887 | D:11     | Found a staircase to the Orcish Mines.
 13073 | D:11     | Found a staircase to the Lair.
 14395 | D:12     | Reached skill level 14 in Long Blades
 14723 | D:12     | Noticed an unseen horror
 14735 | D:12     | Killed an unseen horror
 14740 | D:12     | Reached XP level 12. HP: 57/110 MP: 15/15
 15106 | D:12     | Reached skill level 1 in Armour
 15181 | D:12     | Gained mutation: You are frail (-10% HP). [mutagenic meat]
 15605 | Lair:1   | Entered Level 1 of the Lair of Beasts
 16600 | Lair:1   | Reached skill level 5 in Dodging
 17904 | Lair:2   | Got a clouded steel amulet
 17916 | Lair:2   | Identified the amulet of Sekifej {Stasis rC+} (You found it on level 2 of the Lair of Beasts)
 19969 | Lair:3   | Reached XP level 13. HP: 93/104 MP: 16/16
 21175 | Lair:4   | Gained mutation: You are resistant to hostile enchantments. [potion of mutation]
 21175 | Lair:4   | Lost mutation: You are frail (-10% HP). [potion of mutation]
 21176 | Lair:4   | Gained mutation: Armour fits poorly on your strangely shaped body. [potion of mutation]
 21176 | Lair:4   | Gained mutation: You evolve. [potion of mutation]
 21470 | Lair:4   | Reached skill level 10 in Dodging
 22031 | Lair:5   | Found a staircase to the Shoals.
 22288 | Lair:5   | Found a staircase to the Snake Pit.
 22626 | Lair:5   | Gained mutation: You are partially covered in rugged brown scales (AC +1, +3% HP). [evolution]
 22626 | Lair:5   | Lost mutation: You evolve. [end of evolution]
 23880 | Lair:7   | Noticed Nessos
 25212 | Lair:7   | Killed Nessos
 25724 | Lair:7   | Found a staircase to the Slime Pits.
 26027 | Lair:7   | Reached skill level 5 in Armour
 26512 | Lair:8   | Entered Level 8 of the Lair of Beasts
 26704 | Lair:8   | Noticed Snorg
 26800 | Lair:7   | Reached XP level 14. HP: 77/127 MP: 17/17
 27050 | Lair:8   | HP: 1/127 [Snorg (8)]
 29547 | Lair:7   | Killed Snorg
 30528 | Lair:8   | Found a burning altar of Makhleb.
 30528 | Lair:8   | Found a gateway to Hell.
 31510 | Lair:8   | Reached skill level 10 in Armour
 34406 | D:13     | Gained mutation: Your flesh is heat resistant. [potion of mutation]
 34406 | D:13     | Gained mutation: You are agile. (Dex +2) [potion of mutation]
 35654 | D:14     | Found a gate to the Vaults.
 35654 | D:14     | Noticed Donald
 35780 | D:14     | Reached skill level 15 in Long Blades
 35780 | D:14     | Reached XP level 15. HP: 113/133 MP: 18/18
 36001 | D:14     | Noticed Kirke
 36015 | D:14     | Killed Kirke
 36131 | D:14     | HP: 3/133 [Donald/broad axe of electrocution (17)]
 36543 | D:14     | Killed Donald
 36776 | D:14     | Gained mutation: You have large cloven feet. [mutagenic meat]
 36777 | D:14     | Lost mutation: You have supernaturally acute eyesight. [mutagenic meat]
 36779 | D:14     | Gained mutation: You are resistant to electric shocks. [mutagenic meat]
 37110 | D:14     | Gained mutation: Your body sometimes deteriorates upon taking damage. [mutagenic meat]
 37111 | D:14     | Gained mutation: You are very weak. (Str -4) [mutagenic meat]
 37112 | D:14     | Gained mutation: You have a somewhat thin skeletal structure (Dex +2, Stealth). [mutagenic meat]
 37138 | D:14     | Reached skill level 16 in Long Blades
 37139 | D:14     | Noticed Sonja
 37152 | D:14     | Killed Sonja
 37721 | D:15     | Entered Level 15 of the Dungeon
 37734 | D:15     | Gained mutation: You have hoof-like feet. [mutagenic meat]
 37735 | D:15     | Lost mutation: You have hoof-like feet. [mutagenic meat]
 37736 | D:15     | Lost mutation: Your body sometimes deteriorates upon taking damage. [mutagenic meat]
 37784 | D:15     | Upgraded the game from 0.17.0-24-gcfadda4 to 0.17.0-26-gececa24
 38618 | D:15     | Found a staircase to the Depths.
 39441 | Orc:1    | Entered Level 1 of the Orcish Mines
 39441 | Orc:1    | Found Semiull's Jewellery Emporium.
 39475 | Orc:1    | Bought the ring of the Ego {rF+ rC+ Str+2 Int+4 Dex+2} for 733 gold pieces
 39521 | Orc:1    | Found Xyneqoi's Distillery.
 39529 | Orc:1    | Bought a potion of heal wounds for 50 gold pieces
 39529 | Orc:1    | Bought a potion of heal wounds for 50 gold pieces
 39741 | Orc:1    | Found Dioke's Assorted Antiques.
 39749 | Orc:1    | Bought a fizzy golden potion for 18 gold pieces
 39820 | Orc:2    | Noticed Harold
 39838 | Orc:2    | Killed Harold
 40282 | Orc:3    | Reached skill level 17 in Long Blades
 40384 | Orc:3    | Found a burning altar of Makhleb.
 40712 | Orc:3    | Found Rukhlika's General Store.
 41049 | Orc:4    | Entered Level 4 of the Orcish Mines
 41314 | Orc:4    | Found Ydycvuymn's Jewellery Emporium.
 41319 | Orc:4    | Found Deysaih's General Store.
 41330 | Orc:4    | Bought a scroll of enchant weapon for 97 gold pieces
 41330 | Orc:4    | Bought a potion of curing for 39 gold pieces
 41330 | Orc:4    | Bought a potion of curing for 39 gold pieces
 41438 | Orc:4    | Found a staircase to the Elven Halls.
 41857 | Orc:4    | Found Xusicepoc's Book Shoppe.
 41857 | Orc:4    | Found Linac's Magic Scroll Boutique.
 41858 | Orc:4    | Found Deides's Gadget Boutique.
 41858 | Orc:4    | Found Nirchazxo's Book Emporium.
 41876 | Orc:4    | Bought a scroll of enchant weapon for 105 gold pieces
 41876 | Orc:4    | Bought a scroll of enchant weapon for 105 gold pieces
 41876 | Orc:4    | Bought a scroll of enchant armour for 105 gold pieces
 41876 | Orc:4    | Bought a scroll of identify for 28 gold pieces
 42362 | Orc:4    | Bought a +5 ring of protection for 935 gold pieces
 42598 | Snake:1  | Entered Level 1 of the Snake Pit
 43526 | Snake:1  | Reached XP level 16. HP: 127/141 MP: 19/19
 43537 | Snake:1  | Gained mutation: You occasionally shout uncontrollably at your foes. [mutagenic meat]
 43752 | Snake:1  | Reached skill level 18 in Long Blades
 44048 | Snake:1  | Found Divis's Assorted Antiques.
 46594 | Snake:3  | Noticed Vashnia
 46991 | Snake:3  | Reached skill level 19 in Long Blades
 47218 | Snake:3  | Gained mutation: You are frail (-10% HP). [mutagenic meat]
 47384 | Snake:3  | Noticed Aizul
 47407 | Snake:3  | Killed Aizul
 47412 | Snake:3  | Gained mutation: You possess an exceptional clarity of mind. [mutagenic meat]
 49236 | Snake:3  | HP: 5/127 [naga sharpshooter/arrow of frost[Vashnia] (2)]
 49239 | Snake:3  | Slain by a naga sharpshooter

Action                   |  1- 3 |  4- 6 |  7- 9 | 10-12 | 13-15 | 16-18 || total
-------------------------+-------+-------+-------+-------+-------+-------++-------
Melee: Short sword       |   174 |    21 |       |       |       |       ||   195
       Whip              |       |    11 |       |       |       |       ||    11
       Rapier            |       |    72 |   342 |   882 |  1658 |   508 ||  3462
       Scimitar          |       |       |       |    19 |   192 |       ||   211
       Great sword       |       |       |       |       |   364 |       ||   364
 Fire: Blowgun           |       |       |       |       |    22 |       ||    22
Throw: Javelin           |    23 |       |       |    20 |    12 |       ||    55
       Throwing net      |     1 |       |       |     2 |     6 |       ||     9
       Stone             |       |       |       |     1 |       |       ||     1
Evoke: Wand              |       |       |       |     2 |     4 |     2 ||     8
  Use: Potion            |     4 |       |     1 |     2 |    24 |     5 ||    36
       Scroll            |     5 |       |     6 |    11 |    10 |     2 ||    34
 Stab: Sleeping          |     3 |     1 |       |       |       |       ||     4
       Held in net/web   |       |       |       |       |     3 |       ||     3
  Eat: Chunk             |     5 |     2 |     3 |    14 |    32 |     7 ||    63
       Bread ration      |       |     1 |     2 |     4 |       |       ||     7
       Meat ration       |       |       |       |     5 |     9 |     4 ||    18
       Beef jerky        |       |       |       |     1 |       |       ||     1
       Fruit             |       |       |       |     2 |     1 |       ||     3
       Pizza             |       |       |       |     1 |     2 |       ||     3
       Royal jelly       |       |       |       |       |     4 |       ||     4
